 Dungeon Crawl Stone Soup version 0.24-a0-458-gfcb5e6d (console) character file.

Game seed: 7675477498692014185

599 conicSection the Poker (level 6, -9/51 HPs)
             Began as a Demigod Wanderer on June 26, 2019.
             Mangled by an ogre
             ... wielding a +0 giant club
              (14 damage)
             ... on level 5 of the Dungeon.
             The game lasted 00:08:18 (4728 turns).

conicSection the Poker (Demigod Wanderer)           Turns: 4728, Time: 00:08:18

Health: -9/51      AC: 10    Str: 19    XL:     6   Next: 96%
Magic:  9/9        EV:  5    Int: 14    God:
Gold:   270        SH:  0    Dex: 17    Spells: 5/5 levels left

rFire    . . .     SeeInvis .   a - +3 spear
rCold    + . .     Gourm    .   (no shield)
rNeg     . . .     Faith    .   p - +0 plate armour
rPois    .         Spirit   .   (no helmet)
rElec    .         Reflect  .   (no cloak)
rCorr    .         Harm     .   (no gloves)
MR       .....                  (no boots)
Stlth    ..........             (no amulet)
HPRegen  0.17/turn              s - ring of protection from cold
MPRegen  0.11/turn              (no ring)

@: no status effects
A: high mp 1
a: no special abilities


You were on level 5 of the Dungeon.
You were not hungry.

You visited 1 branch of the dungeon, and saw 5 of its levels.

You collected 270 gold pieces.

Inventory:

Hand Weapons
 a - a +3 spear (weapon)
Armour
 p - a +0 plate armour (worn)
Jewellery
 s - a ring of protection from cold (left hand)
Wands
 q - a wand of digging (4)
 v - a wand of random effects (17)
Scrolls
 c - 3 scrolls of immolation {unknown}
 e - a scroll of magic mapping {unknown}
 h - 2 scrolls of remove curse {unknown}
 j - 2 scrolls of enchant weapon
 k - 3 scrolls of teleportation {unknown}
 l - a scroll of fog {unknown}
 t - a scroll of identify
 u - 3 scrolls of enchant armour {unknown}
Potions
 b - 3 potions of curing
 f - a potion of brilliance {unknown}
 g - a potion of haste
 i - 3 potions of invisibility {unknown}
 m - a potion of agility
 n - 2 potions of heal wounds {unknown}
 r - 3 potions of might
Comestibles
 d - 8 rations
 o - 8 chunks of flesh


   Skills:
 - Level 3.6 Fighting
 + Level 7.6 Polearms
 - Level 1.0 Throwing
 - Level 1.0 Dodging
 - Level 1.0 Evocations


You had 5 spell levels left.
You didn't know any spells.
Your spell library was empty.

Dungeon Overview and Level Annotations

Branches:
Dungeon (5/15)
 Temple: D:4-7


Innate Abilities, Weirdness & Mutations

You have an increased reservoir of magic. (+10% MP)


Message History

Press: ? - help, Dir - move target cursor, f/p - ogre
Aim: an ogre, wielding a +0 giant club (moderately wounded)
You reach to attack!
You hit the ogre.
The ogre is heavily wounded.
You hit the ogre.
The ogre is heavily wounded.
The ogre hits you with a +0 giant club!!
You barely miss the ogre.
The ogre is heavily wounded.
Your plate armour prevents you from hitting the ogre.
The ogre is heavily wounded.
The ogre hits you with a +0 giant club!!
* * * LOW HITPOINT WARNING * * *
You are too injured to fight recklessly!
You puncture the ogre!
The ogre is almost dead.
You hit the ogre.
The ogre is almost dead.
The ogre hits you with a +0 giant club!
You die...

#### #...# ## ##....#
## .## #.....## .#
..###......# .#
#..#.......# .##
##.........# ###..###
##........# ##.O....#
#........####.@.###...#
#.......###...### .
#.......#...###
#.........###
#...###..## ##### #.##
#..# #.## #.


You could see an ogre.

Vanquished Creatures
  Eustachio (D:4)
  An ogre (D:4)
  A centaur skeleton (D:4)
  An iguana (D:4)
  2 worker ants (D:4)
  3 orc wizards
  A hound skeleton (D:4)
  4 adders (D:2)
  An ooze (D:1)
  2 worms (D:2)
  2 dart slugs
  4 leopard geckos
  20 orcs
  5 bats
  4 giant cockroaches
  6 goblins
  11 hobgoblins
  6 jackals
  7 kobolds
  2 quokkas
  7 frilled lizards
  2 leopard gecko skeletons (D:4)
  6 rats
99 creatures vanquished.

Notes
Turn   | Place    | Note
-------+----------+-------------------------------------------
     0 | D:1      | conicSection the Demigod Wanderer began the quest for the
                  | Orb.
     0 | D:1      | conicSection set off with the following items: a +2 spear,
                  | 2 potions of curing, a +0 robe, a ration
     0 | D:1      | Reached XP level 1. HP: 19/19 MP: 3/3
    79 | D:1      | Reached skill level 3 in Polearms
   317 | D:1      | Reached XP level 2. HP: 26/26 MP: 5/5
   729 | D:2      | Reached XP level 3. HP: 29/31 MP: 6/6
   744 | D:2      | Reached skill level 4 in Polearms
  1515 | D:2      | Found an ancient bone altar of Kikubaaqudgha.
  1516 | D:2      | Found a sparkling altar of Nemelex Xobeh.
  1519 | D:2      | Found a deep blue altar of Sif Muna.
  1578 | D:2      | Found a basalt altar of Yredelemnul.
  1649 | D:2      | Found an ornate altar of the Wu Jian Council.
  1651 | D:2      | Found a shadowy altar of Dithmenos.
  1671 | D:2      | Reached XP level 4. HP: 39/39 MP: 7/7
  1919 | D:2      | Found a bloodstained altar of Trog.
  2476 | D:3      | Reached skill level 5 in Polearms
  2652 | D:3      | Found a snail-covered altar of Cheibriados.
  2908 | D:3      | Reached XP level 5. HP: 45/45 MP: 8/8
  3272 | D:4      | Found a burning altar of Makhleb.
  3275 | D:4      | Found a bloodstained altar of Trog.
  3304 | D:4      | Reached skill level 6 in Polearms
  3622 | D:4      | Noticed an ogre
  3943 | D:4      | Killed an ogre
  3943 | D:4      | Reached XP level 6. HP: 7/51 MP: 9/9
  4231 | D:4      | Noticed Eustachio
  4304 | D:4      | Killed Eustachio
  4304 | D:4      | Reached skill level 7 in Polearms
  4671 | D:5      | Entered Level 5 of the Dungeon
  4728 | D:5      | Mangled by an ogre

Levels and vault maps discovered:
D:1:      scummos_arrival_simple_fountains, layout_basic, minmay_pentomino_p4
D:2:      layout_basic, nicolae_overflow_hidden_temple,
          grunt_temple_overflow_open, minmay_misc_feat_rows, trog_book
D:3:      layout_loops_ring, overflow_temple_1_default
D:4:      layout_rooms, kennysheep_mini_moat, overflow_temple_1_default,
          uniq_eustachio
D:5:      layout_cave_pods, basic_altar, first_ration, minmay_checkerbox

Skill      XL: |  1  2  3  4  5  6 |
---------------+-------------------+-----
Polearms       | 3 4 5 6 7 |  7.6
Fighting       | |  3.6
Throwing       | |  1.0
Dodging        | |  1.0
Evocations     | |  1.0

Action                   |  1- 3 |  4- 6 || total
-------------------------+-------+-------++-------
Melee: Mace              |    14 |       ||    14
       Spear             |    97 |   298 ||   395
  Use: Scroll            |     1 |     4 ||     5
       Potion            |       |     1 ||     1
 Stab: Sleeping          |     1 |       ||     1
  Eat: Chunk             |     2 |     7 ||     9
       Ration            |       |     1 ||     1
Armor: Robe              |    14 |       ||    14
       Plate armour      |       |   125 ||   125
Dodge: Dodged            |    51 |    63 ||   114

Table legend:
 A = Non-vault XP
 B = Vault XP
 C = Vault XP percentage of total XP
 D = Non-vault monster count
 E = Vault monster count
 F = Vault count percentage of total count
                 A         B        C        D         E       F
            +---------+---------+-------+---------+---------+-------
      Total |     632 |     224 |  26.2 |      95 |       4 |   4.0
            +---------+---------+-------+---------+---------+-------
        D:1 |      33 |      10 |  23.3 |      21 |       3 |  12.5
        D:2 |     138 |       0 |   0.0 |      29 |       0 |   0.0
        D:3 |      57 |       0 |   0.0 |      25 |       0 |   0.0
        D:4 |     404 |     214 |  34.6 |      20 |       1 |   4.8
            +---------+---------+-------+---------+---------+-------
